 Dungeon Crawl Stone Soup version 0.26-a0-651-gb41185065b (webtiles) character file.

Game seed: 14774550296657468370

739 Flugslaktarn the Chopper (level 7, -1/67 HPs)
             Began as a Deep Dwarf Fighter on Oct 12, 2020.
             Slain by an orc warrior
             ... wielding a +0 long sword
              (17 damage)
             ... on level 6 of the Dungeon.
             The game lasted 00:01:19 (1544 turns).

Flugslaktarn the Chopper (Deep Dwarf Fighter)       Turns: 1544, Time: 00:01:19

Health: -1/67      AC: 10    Str: 20    XL:     7   Next: 46%
Magic:  5/5        EV:  5    Int:  8    God:
Gold:   143        SH: 10    Dex: 14    Spells: 6/6 levels left

rFire    . . .     SeeInvis .   a - +1 war axe
rCold    . . .     Faith    .   c - +0 kite shield
rNeg     . . .     Spirit   .   f - +1 chain mail
rPois    .         Reflect  .   (no helmet)
rElec    .         Harm     .   (no cloak)
rCorr    .         Rampage  .   (no gloves)
MR       +....                  (no boots)
Stlth    ..........             (no amulet)
HPRegen  0.00/turn              (no ring)
MPRegen  0.09/turn              (no ring)

@: non-regenerating, slowed, very slow
A: damage resistance, heal wounds, sense surroundings 1, no regeneration
a: Heal Wounds


You were on level 6 of the Dungeon.
You visited 1 branch of the dungeon, and saw 6 of its levels.

You collected 143 gold pieces.

Inventory:

Hand Weapons
 a - a +1 war axe (weapon)
Armour
 c - a +0 kite shield (worn)
 f - a +1 chain mail (worn)
   (You found it on level 4 of the Dungeon)
Jewellery
 k - an uncursed ring of wizardry {unknown}
   (You found it on level 3 of the Dungeon)
Scrolls
 l - a scroll of magic mapping
 o - a scroll of enchant weapon
 t - 2 scrolls of teleportation
Potions
 d - 4 potions of might
 e - 2 potions of magic
 g - a potion of stabbing {unknown}
 h - a potion of degeneration
 m - a potion of lignification
 n - 3 potions of curing {unknown}
 q - a potion of heal wounds {unknown}


   Skills:
 * Level 5.1 Fighting
 * Level 5.6 Axes
 + Level 4.9 Armour
 + Level 4.9 Shields


You had 6 spell levels left.
You didn't know any spells.
Your spell library was empty.

Dungeon Overview and Level Annotations

Branches:
Dungeon (5/15)             Temple (0/1) D:6

Altars:
Ashenzari
Dithmenos

Annotations:
D:5 Blork the orc


Innate Abilities, Weirdness & Mutations

You are resistant to damage.
You can heal yourself by infusing magical energy.
You passively map a small area around you.
You do not regenerate.


Message History

You are too injured to fight recklessly!
You are too injured to fight recklessly!
You are too injured to fight recklessly!
You are too injured to fight recklessly!
You are too injured to fight recklessly!
You closely miss the orc warrior.
The orc warrior is heavily wounded.
You block the orc warrior's attack.
You fail to use your ability.
The orc warrior hits you with a +0 long sword. x2
* * * LOW HITPOINT WARNING * * *
You hit the orc warrior.
The orc warrior is severely wounded.
The orc warrior hits you but does no damage.
You are too injured to fight recklessly!
You hit the orc warrior but do no damage.
The orc warrior is severely wounded.
You block the orc warrior's attack.
The orc warrior hits you with a +0 long sword!!
You die...

, * , #... ,,..... , ,
, .... ..#.. #..#,....
.....# , *# ##..## ...
../.# , ,
#.#.#..###.##...# ,
#.#....##.......#..
#......###...⌠8.... , ,
#....#...@o...... ,
#.†.....)>.⌠8.... , ,
#####................ ,
, #..#...........⌠8....
.#.......#............
, ,
.........#............*
,
.........#.#.#...#....
.........#######.....#*
* ..........#* ......##
,


You could see an orc warrior.

Vanquished Creatures
  An orc warrior (D:6)
  A sky beast (D:6)
  A scorpion (D:4)
  4 orc wizards (D:6)
  2 bullfrog skeletons
  2 orc priests (D:6)
  An iguana (D:5)
  4 worker ants
  8 adders
  A howler monkey skeleton (D:5)
  An ufetubus (D:4)
  An adder skeleton (D:4)
  2 worms
  A dart slug (D:4)
  8 orcs
  A ball python (D:4)
  2 giant cockroaches
  5 goblins
  5 hobgoblins
  2 jackals (D:5)
  2 kobolds
  3 quokkas
  5 bats
  5 frilled lizards
  2 quokka skeletons
  2 rats
72 creatures vanquished.

Notes
Turn   | Place    | Note
-------+----------+-------------------------------------------
     0 | D:1      | Flugslaktarn the Deep Dwarf Fighter began the quest for the
                  | Orb.
     0 | D:1      | Reached XP level 1. HP: 20/20 MP: 1/1
   204 | D:2      | Reached XP level 2. HP: 25/27 MP: 2/2
   338 | D:2      | Reached XP level 3. HP: 26/34 MP: 3/3
   697 | D:3      | Reached XP level 4. HP: 39/42 MP: 4/4
   853 | D:4      | Reached XP level 5. HP: 41/50 MP: 5/5
  1041 | D:4      | Found a broken altar of Ashenzari.
  1209 | D:5      | Entered Level 5 of the Dungeon
  1280 | D:5      | Reached XP level 6. HP: 50/57 MP: 6/6
  1316 | D:5      | Found a shadowy altar of Dithmenos.
  1377 | D:5      | Noticed Blork the orc
  1380 | D:5      | You fall into a shaft and drop 1 floor!
  1381 | D:6      | Noticed a sky beast
  1381 | D:6      | Noticed an orc warrior
  1402 | D:6      | Killed a sky beast
  1402 | D:6      | Reached skill level 5 in Axes
  1402 | D:6      | Reached XP level 7. HP: 49/66 MP: 6/6
  1418 | D:6      | Reached skill level 5 in Fighting
  1515 | D:6      | Found a staircase to the Ecumenical Temple.
  1544 | D:6      | Slain by an orc warrior

Illustrated notes

Levels and vault maps discovered:
D:1:      sevenhm_arrival_forest_fort_small_3, layout_rooms,
          corexii_item_surrounded_by_moat
D:2:      layout_basic, nicolae_overflow_hidden_temple
D:3:      layout_rooms, grunt_ministairs_4
D:4:      layout_cave_pools, ashenzari_altar_1
D:5:      layout_basic, old_standard_altar, uniq_menkaure, uniq_blork_the_orc
D:6:      layout_cave_pools, chequers_temple_overflow_statue_of_worship,
          minmay_temple_entry_drinking_statues, serial_park, serial_park_paths
          [serial_park_minivault_5x5_7], serial_park_tiny_1, serial_park_square1
          [serial_park_minivault_5x5_4], nicolae_elemental_shop, trog_book

Skill      XL: |  1  2  3  4  5  6  7 |
---------------+----------------------+-----
Fighting       | 3 4 5 |  5.1
Axes           | 3 4 5 |  5.6
Shields        | 4 |  4.9
Armour         | 4 |  4.9

Action                   |  1- 3 |  4- 6 |  7- 9 || total
-------------------------+-------+-------+-------++-------
Melee: War axe           |   120 |   124 |    35 ||   279
 Abil: Heal Wounds       |     1 |     4 |     2 ||     7
  Use: Scroll            |       |    11 |       ||    11
Armor: Scale mail        |    75 |    43 |       ||   118
       Chain mail        |       |    61 |    27 ||    88
Dodge: Dodged            |    44 |    39 |     9 ||    92
Block: Kite shield       |    68 |    92 |    29 ||   189

Table legend: (Time is in decaauts)
 A = Elapsed time spent in this place.
 B = Non-inter-level travel time spent in this place.
 C = Inter-level travel time spent in this place.
 D = Time resting spent in this place.
 E = Time spent auto-exploring this place.
 F = Levels seen in this place.
 G = Mean time per level.
                   A        B        C        D        E       F      G
               +--------+--------+--------+--------+--------+-----+--------+
         Total |   1658 |   1586 |     72 |      0 |   1006 |   6 |  276.3 |
       Dungeon |   1658 |   1586 |     72 |      0 |   1006 |   6 |  276.3 |
               +--------+--------+--------+--------+--------+-----+--------+

Top non-repeatable levels by time:
     D:2: 515 daAuts
     D:4: 495 daAuts
     D:3: 202 daAuts
     D:6: 185 daAuts
     D:5: 156 daAuts
     D:1: 104 daAuts
